AoeStats
← gonzalordz88

Arena

510636062Analyzed
1v1 RM · 16h ago on Oct 1, 2026· 71m 16s· 2 players
Game mode
Random Map
Map size
Tiny (2 player)
Population
200
Speed
Normal
Resources
Standard
Victory
Conquest
Starting age
Dark Age
Ending age
Imperial Age
RankedLock teamsTeams togetherTeam positionsShared explorationLock speedFull tech treeHidden civsTurbo modeCheats
Victory
Defeat
🇮🇹 Tupi · Italy
149
+16
🇪🇸 Britons · Spain
141
-16
gonzalordz88
11:13 Feudal Age
11:40 Horse Collar
11:48 Double-Bit Axe
20:17 Gold Mining
20:18 Stone Mining
24:40 Castle Age
23:10 Padded Archer Armor
23:01 Fletching
23:17 Scale Barding Armor
23:13 Scale Mail Armor
23:23 Forging
28:16 Crossbowman
28:20 Elite Skirmisher
29:01 Bodkin Arrow
29:27 Chain Barding Armor
29:23 Leather Archer Armor
28:39 Light Cavalry
29:20 Husbandry
28:53 Pikeman
31:06 Heavy Plow
31:21 Bow Saw
31:47 Chain Mail Armor
32:08 Iron Casting
31:47 Squires
33:28 Wheelbarrow
33:51 Gold Shaft Mining
39:57 Imperial Age
37:20 Town Watch
37:51 Hand Cart
40:24 Arbalester
40:56 Cavalier
43:42 Ballistics
44:24 Chemistry
47:26 Yeomen
47:07 Warwolf
54:52 Elite Longbowman
cbarattic
11:19 Loom
13:53 Feudal Age
16:34 Wheelbarrow
15:48 Double-Bit Axe
15:44 Horse Collar
15:55 Gold Mining
15:56 Stone Mining
17:00 Arson
23:02 Castle Age
22:09 Fletching
22:36 Padded Archer Armor
24:19 Hand Cart
24:21 Bow Saw
24:12 Heavy Plow
23:42 Crossbowman
28:06 Squires
28:14 Scale Mail Armor
33:47 Gold Shaft Mining
36:32 Imperial Age
33:47 Treadmill Crane
33:58 Guard Tower
34:30 Ballistics
37:21 Leather Archer Armor
37:18 Forging
37:24 Chain Mail Armor
36:48 Onager
40:06 Two-Man Saw
39:38 Conscription
38:57 Pikeman
39:26 Arbalester
44:50 Elite Ibirapema Warrior
46:32 Halberdier
49:19 Chemistry
48:05 Arrowslits
51:27 Elite Blackwood Archer
53:34 Iron Casting
60:08 Caciques
Connection lost

Rejoining the realm…

Still unreachable

The connection could not be restored.

Session expired

The server has moved on; the page needs a fresh start.